 Dungeon Crawl Stone Soup version 0.13-b1-4-g58e4d93 (webtiles) character file.

384654 Econoterrorist the Blinker (level 22, -6/142 HPs)
             Began as a Gargoyle Fighter on Sept 27, 2013.
             Was the Champion of Okawaru.
             Mangled by a vault warden
             ... wielding a +0,+0 bardiche
              (51 damage)
             ... on Level 5 of the Vaults on Sept 28, 2013.
             The game lasted 07:10:12 (56607 turns).

Econoterrorist the Blinker (Gargoyle Fighter)      Turns: 56607, Time: 07:10:12

HP  -6/142       AC 51     Str 20      XL: 22   Next: 57%
MP  29/36        EV 15     Int 19      God: Okawaru [******]
Gold 1023        SH 32     Dex 12      Spells:  8 memorised,  9 levels left

Res.Fire  : + + +   See Invis. : .   E - +1 eveningstar of Extremism {flame, +Inv}
Res.Cold  : . . .   Warding    : .   g - +6 fire dragon armour
Life Prot.: + . .   Conserve   : +   J - +0 elf shield {rC+}
Res.Poison: +       Res.Corr.  : +   G - +0 helmet of the Vaults {Dex+1 Dam+4}
Res.Elec. : +       Clarity    : +   i - +2 cloak {rCorr, Cons}
Sust.Abil.: . .     Spirit.Shd : .   o - +2 pair of gloves {Dex+3}
Res.Mut.  : .       Stasis     : .   O - +0 pair of boots "Crant" {rF+ MR+}
Res.Rott. : +       Flight     : +   Q - amulet of clarity
Saprovore : . . .                    r - +6 ring of evasion
                                     s - +5,+5 ring of slaying

@: flying, very slightly contaminated, heroism, finesse, very resistant to
hostile enchantments, unstealthy
A: large and strong wings, fangs 1, talons 2, life protection 1, electricity
resistance, slow metabolism 1, spit poison 1, wild magic 1, unbreathing,
petrification resistance, AC +20, Dex -1
a: Spit Poison, Stop Flying, Heroism, Finesse, Renounce Religion, Evoke
Invisibility
}: 3/15 runes: decaying, silver, gossamer


You were on level 5 of the Vaults.
You worshipped Okawaru.
Okawaru was exalted by your worship.
You were not hungry.

You visited 7 branches of the dungeon, and saw 47 of its levels.
You visited 2 bazaars.
You also visited: Trove and Sewer.

You collected 5128 gold pieces.
You spent 4125 gold pieces at shops.

Inventory:

Hand weapons
 f - a +3,+4 morningstar of holy wrath
 j - the +13,+7 demon whip of Egg {drain, Stlth--}
   (Okawaru gifted it to you on level 3 of the Vaults)

   A truly terrible weapon, it drains the life of those it strikes.
   It makes you much less stealthy.
 E - the +1,+1 eveningstar of Extremism (weapon) {flame, +Inv}
   (You acquired it on level 16 of the Dungeon)

   It emits flame when wielded, causing extra injury to most foes and up to
   double damage against particularly susceptible opponents.
   It lets you turn invisible.
 F - the +14,+6 mace "Xael Gri" {speed, rF+ rC++ Str+3}
   (Okawaru gifted it to you on level 4 of the Vaults)

   Attacks with this weapon take half as long, but cause slightly less damage.
   It affects your strength (+3).
   It protects you from fire.
   It greatly protects you from cold.
Armour
 g - a +6 fire dragon armour (worn)
 i - a +2 cloak of preservation (worn)
 o - a +2 pair of gloves of dexterity (worn)
 G - the +0 helmet of the Vaults (worn) {Dex+1 Dam+4}
   (Okawaru gifted it to you on level 2 of the Spider Nest)

   It affects your dexterity (+1).
   It affects your damage-dealing abilities (+4).
 J - a +0 elven shield of cold resistance (worn)
 O - the +0 pair of boots "Crant" (worn) {rF+ MR+}
   (Okawaru gifted it to you on level 4 of the Swamp)

   It protects you from fire.
   It affects your resistance to hostile enchantments.
Magical devices
 c - a wand of heal wounds (0)
 q - a wand of fireball (3)
 y - a wand of hasting (4)
 H - a wand of teleportation (1)
 W - a wand of heal wounds (0)
Comestibles
 p - 14 meat rations
 u - 3 pieces of ambrosia
Scrolls
 h - 2 scrolls of vulnerability
 k - 12 scrolls of identify
 n - 4 scrolls of teleportation
 B - 4 scrolls of fear
 K - a scroll of enchant weapon III
 L - 9 scrolls of remove curse
 P - 6 scrolls of fog
 T - 7 scrolls of magic mapping
 Y - a scroll of enchant armour
Jewellery
 d - an uncursed ring of magical power {unknown}
 l - a +1 ring of evasion
 r - a +6 ring of evasion (right hand)
 s - a +5,+5 ring of slaying (left hand)
 A - the ring of Thesko Noa {Str+3 Dex+2 Int+2 Stlth, unknown}
   (You took it off a vault warden on level 5 of the Vaults)

   [ring of strength]

   It affects your strength (+3).
   It affects your intelligence (+2).
   It affects your dexterity (+2).
   It makes you more stealthy.
 C - an uncursed ring of positive energy
 I - an uncursed ring of protection from cold
 N - an uncursed ring of protection from cold
 Q - an amulet of clarity (around neck)
 R - a cursed ring of ice
 V - an uncursed ring of positive energy
 X - an uncursed ring of protection from magic
 Z - the amulet of the Little Devil {Spirit Str+3 Int+3, unknown}
   (You found it on level 5 of the Vaults)

   [amulet of guardian spirit]

   It affects your strength (+3).
   It affects your intelligence (+3).
Potions
 a - 3 potions of curing
 b - 3 potions of might
 t - a potion of brilliance
 x - 3 potions of restore abilities
 z - 5 potions of agility
 M - a potion of resistance
 S - 6 potions of magic
 U - a potion of speed
Books
 m - a book of the Earth

   Spells                             Type                      Level
   *Dig                               Earth                        4
   Leda's Liquefaction                Hexes/Earth                  4
   *Bolt of Magma                     Conjuration/Fire/Earth       5
   Statue Form                        Transmutation/Earth          6
   *Iron Shot                         Conjuration/Earth            6
   Shatter                            Earth                        9
 v - a book of the Warp

   Spells                             Type                      Level
   Recall                             Summoning/Translocation      3
   *Control Teleport                  Charms/Translocation         4
   Phase Shift                        Translocation                5
   Warp Weapon                        Charms/Translocation         5
   Dispersal                          Translocation                6
   *Controlled Blink                  Translocation                7
   Disjunction                        Translocation                8
 w - a book of Burglary

   Spells                             Type                      Level
   *Apportation                       Translocation                1
   Swiftness                          Charms/Air                   2
   Passwall                           Transmutation/Earth          3
   Passage of Golubria                Translocation                4
   Lee's Rapid Deconstruction         Earth                        5
   Darkness                           Hexes                        7


   Skills:
 - Level 16.1(21.1) Fighting
 - Level 16.1(21.1) Maces & Flails
 - Level 11.3(16.3) Armour
 - Level 15.4(20.4) Shields
 - Level 10.0 Spellcasting
 + Level 8.7 Conjurations
 - Level 10.1 Charms
 - Level 17.1 Translocations
 + Level 9.5 Fire Magic
 + Level 13.7 Earth Magic
 - Level 5.7 Invocations


You had 9 spell levels left.
You knew the following spells:

 Your Spells              Type           Power        Failure   Level  Hunger
a - Shroud of Golubria    Chrm/Tloc      #######...   1%          2    None
b - Dig                   Erth           #######.     2%          4    ##.....
c - Regeneration          Chrm/Necr      #####.....   11%         3    None
d - Bolt of Magma         Conj/Fire/Erth ######....   11%         5    ####...
e - Iron Shot             Conj/Erth      ######....   34%         6    ######.
f - Control Teleport      Chrm/Tloc      #######...   2%          4    ##.....
g - Controlled Blink      Tloc           N/A          19%         7    #######
h - Apportation           Tloc           #######...   1%          1    None


Dungeon Overview and Level Annotations

Branches:
Dungeon (19/27)            Temple (1/1) D:7             Orc (4/4) D:8
    Elf (0/3) Orc:4          Lair (8/8) D:12          Swamp (5/5) Lair:5
 Spider (5/5) Lair:4        Slime (0/6) Lair:6       Vaults (5/5) D:18
  Blade (0/1) Vaults:4      Crypt (0/5) Vaults:3

Altars:
Ashenzari
Cheibriados
Elyvilon
Makhleb
Nemelex Xobeh
Okawaru
Trog
Vehumet
the Shining One

Shops:
D:4 [!*(+   D:13 !=*?*   D:17 (   Orc:4 *[(/   Vaults:3 *

Portals:
Ziggurat: D:18 (4540 gp)


Innate Abilities, Weirdness & Mutations

You are resistant to torment.
You are immune to poison.
You can fly continuously.
Your stone body is very resilient (AC +16).
Your wings are large and strong.
You have very sharp teeth.
You have razor-sharp toenails.
You resist negative energy.
You are resistant to electric shocks.
You have a slow metabolism.
You can survive without breathing.
You are immune to petrification.
You are partially covered in rough black scales (AC +4, Dex -1).
You can spit poison.
Your spells are a little harder to cast, but a little more powerful.


Message History

You thump the death drake! You burn the death drake! You bite the death drake!
The death drake is almost dead.
You completely miss the death drake.
The death drake is almost dead.
You block the vault warden's attack.
You hit the death drake. You burn the death drake.
You kill the death drake!
Okawaru accepts your kill.
The vault warden picks up a glowing hand axe.
Things that are here:
a bolt; a large rock Your fire dragon armour prevents you from hitting the vault warden.
You hit the vault warden. You burn the vault warden.
The vault warden is lightly wounded.
The orc knight hits you but does no damage.
You bludgeon the vault warden!! You burn the vault warden.
Your bite misses the vault warden.
The vault warden is moderately wounded.
The vault warden hits you with a bardiche!
You die...

#.#...#.#.#...#.#....#
#.#.#.#.#.#@#o#.#....# .
..#.#...#.#@%)#.#....#..
#.#.#.#.#.#.#(#.#..(.#.#
#...#.#.#...#(#.#....#.##
#.#.#.#.#.#.#((.#....#..##...
#.#.#.#...#.#..(([(..........
###############@o[.....######
........../@)[((........
........(...)%.(........
...........%.<<(........
............(..........
#########........######
#...............
#...#....#.......
..#.##....#####.. ### #....#
.


You could see a vault warden and an orc knight.

Vanquished Creatures
  An ancient lich (Vaults:5)
  Saint Roka (D:19)
  Sojobo (Vaults:3)
  Margery (Vaults:3)
  3 tentacled monstrosities
  2 quicksilver dragons (Vaults:5)
  A titan (Vaults:5)
  2 sphinxes (Vaults:3)
  4 shadow dragons
  An ancient champion (Vaults:3)
  Roxanne (D:19)
  A fire giant (Vaults:4)
  9 tengu reavers
  Donald (Spider:4)
  Wiglaf (D:19)
  12 vault wardens
  A deep elf sorcerer (Vaults:1)
  2 frost giants (Vaults:4)
  3 ghost moths
  7 emperor scorpions
  A frost giant (shapeshifter) (Vaults:5)
  28 stone giants
  A deep elf demonologist (Vaults:1)
  Azrael (D:19)
  2 green deaths (Swamp:5)
  2 ettins
  10 ironheart preservers
  28 vault guards
  3 dragons
  18 yaktaur captains
  A ravenous feature mimic (Vaults:3)
  Harold (Orc:2)
  An ice dragon (Vaults:1)
  An anaconda (Swamp:3)
  A deep dwarf death knight (Vaults:3)
  7 alligators
  A deep troll earth mage (Vaults:4)
  Fannar (D:14)
  A rakshasa (D:16)
  7 very ugly things
  A deep troll shaman (Vaults:4)
  9 ogre magi
  A naga warrior (Vaults:4)
  2 hell knights (Vaults:3)
  6 orc high priests
  A storm dragon zombie (D:19)
  A fire crab (shapeshifter) (Vaults:1)
  A deep elf knight (Vaults:4)
  2 storm dragon skeletons (Vaults:4)
  Erica (D:10)
  An iron troll (shapeshifter) (Vaults:5)
  15 hydras
  2 water nymphs (shapeshifter)
  6 iron trolls
  3 skeletal warriors (Vaults:2)
  A shadow wraith (Vaults:3)
  A faun (shapeshifter) (Vaults:5)
  A death drake (shapeshifter) (Vaults:5)
  A giant orange brain (shapeshifter) (Vaults:5)
  2 lindwurms (Lair:8)
  3 deep trolls
  23 centaur warriors
  A flayed ghost (D:16)
  A giant orange brain (Vaults:2)
  3 unseen horrors
  An ice statue (D:18)
  3 giant amoebae
  5 swamp dragons
  A hill giant (shapeshifter) (Vaults:1)
  3 large abominations
  3 necromancers
  21 orc knights
  2 wolf spider zombies
  10 hill giants
  5 griffons
  15 red wasps
  25 wolf spiders
  2 deep elf conjurers (Vaults:1)
  2 harpies
  A shining eye (shapeshifter) (D:16)
  8 ironbrand convokers
  A fire giant zombie (D:14)
  A frost giant zombie (Vaults:2)
  8 stone giant zombies
  A moth of wrath (Spider:5)
  An oklob plant (Lair:7)
  A sixfirhy (Vaults:2)
  A sphinx skeleton (D:17)
  4 orc sorcerers
  2 cyclopes (shapeshifter) (Vaults:5)
  11 spiny worms
  3 fire giant skeletons
  A frost giant skeleton (Vaults:2)
  3 black mambas
  12 stone giant skeletons
  8 vault sentinels
  3 orange demons (Swamp:5)
  Maurice (D:11)
  A storm dragon simulacrum (Vaults:1)
  Erolcha (D:10)
  12 cyclopes
  An item mimic (Spider:1)
  57 slime creatures
  A deep elf summoner (Vaults:4)
  32 yaktaurs
  A redback zombie (D:17)
  2 black mambas (shapeshifter)
  2 iron troll zombies
  An efreet (D:19)
  25 demonic crawlers
  3 fire drakes (shapeshifter)
  2 guardian serpents (D:12)
  23 orb spiders
  2 deep elf priests
  A fire drake (Lair:7)
  Nergalle (D:11)
  A blue devil (Vaults:1)
  4 komodo dragons
  12 trolls
  8 giant leeches
  An iron troll skeleton (Vaults:2)
  21 spiny frogs
  A hydra zombie (D:16)
  12 jumping spiders
  A queen bee (shapeshifter) (D:16)
  A hydra skeleton (D:16)
  Sonja (D:13)
  A giant firefly (shapeshifter) (Vaults:3)
  A polar bear (shapeshifter) (Vaults:5)
  4 giant fireflies (Lair:8)
  Joseph (D:12)
  A polar bear (Lair:8)
  19 two-headed ogres
  A red wasp zombie (Vaults:1)
  16 bog bodies
  4 baby alligators (Swamp:4)
  A raven (Swamp:2)
  An ice dragon zombie (D:17)
  6 boulder beetles
  3 ettin zombies
  A raven (shapeshifter) (Vaults:1)
  15 blink frogs
  5 basilisks
  An octopode (shapeshifter) (Vaults:3)
  38 redbacks
  21 trapdoor spiders
  2 ugly thing zombies (Vaults:3)
  A dragon skeleton (D:18)
  A fire elemental (D:19)
  3 sharks (D:16)
  A griffon skeleton (D:19)
  16 air elementals
  A golden eye (shapeshifter) (Vaults:1)
  3 shadows
  An ettin skeleton (D:17)
  2 water elementals (D:16)
  3 wraiths
  An elephant slug (Lair:6)
  4 deep elf fighters
  4 hill giant zombies
  3 hungry ghosts
  48 vampire mosquitoes
  Eustachio (Orc:2)
  2 deep elf magi
  2 vampires
  26 tarantellas
  Grum (Orc:1)
  A clay golem (Vaults:1)
  7 hill giant skeletons
  6 wyverns
  A steam dragon (D:14)
  8 rock worms
  36 swamp worms
  14 wolves
  An agate snail zombie (D:16)
  4 human zombies (Vaults:3)
  10 hippogriffs
  A soldier ant (D:16)
  7 freezing wraiths
  4 mottled dragons
  2 deep troll zombies (Vaults:2)
  An orange crystal statue (Vaults:4)
  121 ugly things
  A harpy simulacrum (D:17)
  47 yaks
  5 deep troll skeletons
  A soldier ant (shapeshifter) (D:18)
  3 phantoms
  4 hell hounds (D:19)
  12 swamp drakes
  5 manticores
  12 porcupines
  A black bear (D:11)
  4 sky beasts
  A kobold demonologist (Vaults:2)
  8 giant goldfish
  7 yellow wasps
  39 centaurs
  10 ice beasts
  6 wargs
  3 rotting devils (Swamp:5)
  13 crocodiles
  A big kobold (shapeshifter) (D:18)
  3 yaktaur zombies
  A boring beetle (Spider:1)
  34 ogres
  2 big kobolds
  A cyclops zombie (D:10)
  3 yaktaur skeletons
  4 brain worms
  Blork the orc (D:7)
  2 agate snail simulacra
  10 water moccasins
  An earth elemental (Vaults:2)
  21 insubstantial wisps
  13 giant slugs
  3 eyes of draining
  70 orc warriors
  13 agate snails
  14 jellyfish
  2 troll zombies
  A hippogriff skeleton (D:14)
  22 wights
  40 killer bees
  3 electric eels
  Duvessa (D:6)
  3 crimson imps
  3 quasits
  A draconian (shapeshifter) (D:16)
  2 giant frog zombies
  7 goliath beetles
  Dowan (D:6)
  A basilisk zombie (D:15)
  38 spiders
  14 jellies
  50 orc priests
  16 big fish
  13 hounds
  3 spectral orcs (D:11)
  A shapeshifter simulacrum (D:17)
  8 orange rats
  5 scorpions
  32 orc wizards
  10 worker ants
  A sheep (shapeshifter) (Vaults:4)
  A big kobold zombie (D:13)
  33 sheep
  A big kobold skeleton (D:13)
  20 giant frogs
  A basilisk simulacrum (D:16)
  2 boggarts (D:15)
  A mummy (D:12)
  4 gnolls (D:6)
  19 adders
  8 green rats
  4 lemures
  A shadow imp (Vaults:1)
  10 iguanas
  An inept feature mimic (D:10)
  4 giant mites
  An ufetubus (Vaults:1)
  23 worms
  2 adder skeletons
  7 grey rats (D:14)
  An iguana skeleton (D:10)
  A giant eyeball (D:12)
  12 giant geckos
  5 oozes
  214 orcs
  29 bats
  2 bat skeletons
  5 giant centipedes
  9 giant cockroaches
  25 hobgoblins
  21 jackals
  8 quokkas
  5 ball pythons
  A giant cockroach zombie (D:5)
  2 giant gecko skeletons
  6 giant newts
  2 giant spores
  23 goblins
  26 kobolds
  3 orc zombies
  24 rats
  A rat zombie (D:6)
  4 ballistomycetes (D:16)
  2 bushes (Lair:3)
  2 plants
2383 creatures vanquished.

Vanquished Creatures (collateral kills)
  A boulder beetle (Vaults:1)
  A basilisk (D:15)
  A hill giant skeleton (D:15)
  A swamp worm (Swamp:2)
4 creatures vanquished.

Vanquished Creatures (others)
  A tengu reaver (Vaults:3)
  A fire giant (Vaults:4)
  An ogre mage (D:18)
  A wolf spider (Spider:5)
  A red wasp (Spider:5)
  A necromancer (Vaults:3)
  A komodo dragon (D:18)
  A two-headed ogre (D:18)
  A blue devil (Orc:4)
  2 jumping spiders (Spider:3)
  A redback (Spider:3)
  A tarantella (Spider:5)
  An ugly thing (Vaults:4)
  A human zombie (Vaults:3)
  4 ogres (D:18)
  A centaur (Vaults:3)
  A yak zombie (D:14)
  A jellyfish (Swamp:5)
  A centaur zombie (D:15)
  2 spiders
  2 boggarts (D:15)
  2 orcs (Orc:1)
  An orc zombie (Orc:4)
  6 fungi
36 creatures vanquished.

Grand Total: 2423 creatures vanquished

Notes
Turn   | Place    | Note
--------------------------------------------------------------
     0 | D:1      | Econoterrorist, the Gargoyle Fighter, began the quest for the Orb.
     0 | D:1      | Reached XP level 1. HP: 14/14 MP: 0/0
    69 | D:1      | Reached XP level 2. HP: 16/19 MP: 1/1
   189 | D:1      | Identified a +1 cloak of preservation (You found it on level 1 of the Dungeon)
   565 | D:1      | Reached XP level 3. HP: 24/24 MP: 2/2
   725 | D:2      | Reached skill level 4 in Fighting
   966 | D:2      | Found a shattered altar of Ashenzari.
  1017 | D:2      | Reached XP level 4. HP: 29/29 MP: 3/3
  1086 | D:2      | Found a bloodstained altar of Trog.
  1511 | D:3      | Noticed a sky beast
  1533 | D:3      | Killed a sky beast
  1533 | D:3      | Reached skill level 5 in Fighting
  1533 | D:3      | Reached XP level 5. HP: 24/34 MP: 4/4
  1957 | D:3      | Reached XP level 6. HP: 40/40 MP: 5/5
  1963 | D:3      | Reached skill level 5 in Maces & Flails
  2092 | D:4      | Found a glowing drain.
  2106 | Sewer    | Entered a sewer
  2338 | D:4      | Reached skill level 6 in Fighting
  2376 | D:4      | Found Stryi's Antique Weapon Shoppe.
  2425 | D:4      | Found Veggeig's Assorted Antiques.
  2627 | D:4      | Found Mniaroem's Book Shoppe.
  2755 | D:4      | Reached XP level 7. HP: 44/44 MP: 6/6
  2825 | D:4      | Found Thrimeg's Armour Shoppe.
  2829 | D:4      | Bought a cursed +0 cloak for 12 gold pieces
  2913 | D:4      | Got a brightly glowing leather armour
  2925 | D:4      | Identified the +4 leather armour "Issiniat" {rF++} (You found it on level 4 of the Dungeon)
  2980 | D:4      | Found Faenwale's Distillery.
  2991 | D:4      | Bought a potion of curing for 26 gold pieces
  2991 | D:4      | Bought a potion of restore abilities for 39 gold pieces
  3022 | D:4      | Bought a smoky brown potion for 24 gold pieces
  3022 | D:4      | Bought a glowing orange potion for 24 gold pieces
  3022 | D:4      | Bought a scroll labeled GOMAOTHR UBALLU for 27 gold pieces
  3022 | D:4      | Bought a scroll labeled SOTWICR METUE for 27 gold pieces
  3022 | D:4      | Bought a scroll labeled IMOGHEUWIE for 27 gold pieces
  3193 | D:5      | Entered Level 5 of the Dungeon
  3253 | D:5      | Found a radiant altar of Vehumet.
  3330 | D:5      | Reached skill level 7 in Fighting
  3330 | D:5      | Reached XP level 8. HP: 34/51 MP: 7/7
  3975 | D:5      | Found a bloodstained altar of Trog.
  4232 | D:5      | Reached skill level 5 in Armour
  4232 | D:5      | Reached skill level 5 in Shields
  4967 | D:6      | Noticed Dowan
  5055 | D:6      | Killed Dowan
  5090 | D:6      | Reached XP level 9. HP: 56/56 MP: 8/8
  5128 | D:6      | Reached skill level 8 in Fighting
  5188 | D:6      | Noticed Duvessa
  5255 | D:6      | Killed Duvessa
  5470 | D:7      | Found a staircase to the Ecumenical Temple.
  5488 | Temple   | Entered the Ecumenical Temple
  5501 | Temple   | Became a worshipper of Warmaster Okawaru
  5746 | D:7      | Noticed Blork the orc
  5751 | D:7      | Killed Blork the orc
  6036 | D:8      | Found a staircase to the Orcish Mines.
  6338 | D:8      | Acquired Okawaru's first power
  6638 | D:8      | Reached skill level 9 in Fighting
  6819 | D:8      | Reached XP level 10. HP: 63/63 MP: 9/9
  8094 | D:10     | Entered Level 10 of the Dungeon
  8241 | D:10     | Noticed a hill giant
  8248 | D:10     | Killed a hill giant
  8366 | D:10     | Reached skill level 10 in Fighting
  8413 | D:10     | Noticed Erica
  8490 | D:10     | Killed Erica
  8559 | D:10     | Reached skill level 10 in Maces & Flails
  8637 | D:10     | Noticed Erolcha
  8984 | D:10     | Killed Erolcha
  8984 | D:10     | Reached XP level 11. HP: 69/69 MP: 7/10
  9058 | D:10     | Found a staircase to the Lair.
  9059 | D:10     | the staircase to the Lair was a mimic.
  9289 | D:11     | Noticed Nergalle
  9301 | D:11     | Noticed a spectral orc warlord
  9315 | D:11     | Killed Nergalle
  9414 | D:11     | Noticed Maurice
  9439 | D:11     | Killed Maurice
  9571 | D:11     | Found a portal to a secret trove of treasure.
 10356 | D:11     | Noticed a hill giant
 10368 | D:11     | Killed a hill giant
 10524 | D:12     | Found a staircase to the Lair.
 10526 | D:12     | Paralysed by a giant eyeball for 3 turns
 10605 | D:12     | Paralysed by a giant eyeball for 3 turns
 11005 | D:12     | Noticed a seven-headed hydra
 11017 | D:12     | Killed a seven-headed hydra
 11017 | D:12     | Acquired Okawaru's second power
 11285 | D:12     | Reached skill level 11 in Fighting
 11314 | D:12     | Noticed Joseph
 11324 | D:12     | Killed Joseph
 11324 | D:12     | Received a gift from Okawaru
 11324 | D:12     | Reached skill level 10 in Shields
 11458 | D:12     | Noticed an eight-headed hydra
 11466 | D:12     | Killed an eight-headed hydra
 11466 | D:12     | Reached skill level 10 in Armour
 11925 | D:12     | Reached XP level 12. HP: 67/76 MP: 11/11
 12171 | Lair:1   | Entered Level 1 of the Lair of Beasts
 12777 | D:13     | Found Qagiugg's Jewellery Boutique.
 12788 | D:13     | Noticed an eight-headed hydra
 12796 | D:13     | Killed an eight-headed hydra
 13163 | D:13     | Noticed Sonja
 13183 | D:13     | Killed Sonja
 13359 | D:13     | Found Hyiqoi's Distillery.
 13373 | D:13     | Bought a potion of porridge for 14 gold pieces
 13373 | D:13     | Bought a potion of heal wounds for 42 gold pieces
 13373 | D:13     | Bought a potion of heal wounds for 42 gold pieces
 13373 | D:13     | Bought a potion of heal wounds for 42 gold pieces
 13373 | D:13     | Bought a potion of heal wounds for 42 gold pieces
 13517 | D:12     | Reached skill level 12 in Fighting
 13539 | Trove    | Entered a treasure trove
 13700 | D:12     | Noticed a four-headed hydra
 13710 | D:12     | Killed a four-headed hydra
 13958 | Lair:1   | Received a gift from Okawaru
 15300 | Lair:3   | Reached XP level 13. HP: 77/83 MP: 11/14
 15301 | Lair:3   | Reached skill level 1 in Spellcasting
 15698 | Lair:4   | Received a gift from Okawaru
 15723 | Lair:4   | Found a hole to the Spider Nest.
 15744 | Spider:1 | Entered Level 1 of the Spider Nest
 16234 | Spider:1 | Reached skill level 13 in Fighting
 16555 | Spider:2 | Received a gift from Okawaru
 17324 | Spider:2 | Received a gift from Okawaru
 17325 | Spider:2 | Got a heavily runed helmet {god gift}
 17329 | Spider:2 | Identified the +0 helmet of the Vaults {Dex+1 Dam+4} (Okawaru gifted it to you on level 2 of the Spider Nest)
 17417 | Spider:3 | Reached skill level 5 in Spellcasting
 17682 | Spider:3 | Noticed an emperor scorpion
 17704 | Spider:3 | Killed an emperor scorpion
 17704 | Spider:3 | Gained mutation: Your wings are large and strong. [gargoyle growth]
 17704 | Spider:3 | Reached XP level 14. HP: 26/91 MP: 23/25
 18090 | Spider:3 | Reached skill level 14 in Maces & Flails
 18138 | Spider:3 | Noticed an emperor scorpion
 18156 | Spider:3 | Killed an emperor scorpion
 18163 | Spider:3 | Received a gift from Okawaru
 18170 | Spider:3 | Noticed an emperor scorpion
 18208 | Spider:3 | Killed an emperor scorpion
 18235 | Spider:3 | Noticed an emperor scorpion
 18268 | Spider:3 | Killed an emperor scorpion
 18274 | Spider:3 | Received a gift from Okawaru
 18278 | Spider:3 | Got a faintly glowing dire flail {god gift}
 18285 | Spider:3 | Identified the dire flail of the King {god gift, crush, +Inv rElec rN+ MR+ Stlth++} (Okawaru gifted it to you on level 3 of the Spider Nest)
 19703 | Spider:4 | Received a gift from Okawaru
 19719 | Spider:4 | Got a distressingly furry plate armour {god gift}
 19732 | Spider:4 | Identified the +5 plate armour of Beyond {Str+3 Dex+3 Int-2} (Okawaru gifted it to you on level 4 of the Spider Nest)
 19791 | Spider:4 | Gained mutation: Your mind is acute. (Int +2) [potion of mutation]
 19791 | Spider:4 | Gained mutation: You can spit poison. [potion of mutation]
 19794 | Spider:4 | Gained mutation: You are partially covered in rough black scales (AC +4, Dex -1). [potion of beneficial mutation]
 19897 | Spider:4 | Noticed Donald
 19913 | Spider:4 | Killed Donald
 19913 | Spider:4 | Reached skill level 15 in Maces & Flails
 20174 | Spider:5 | Entered Level 5 of the Spider Nest
 20199 | Spider:5 | Noticed an emperor scorpion
 20212 | Spider:5 | Reached skill level 15 in Fighting
 20230 | Spider:5 | Killed an emperor scorpion
 20258 | Spider:5 | Reached XP level 15. HP: 64/98 MP: 25/29
 20513 | Spider:5 | Killed a ghost moth
 20527 | Spider:5 | Got a gossamer rune of Zot
 20556 | Spider:5 | Noticed an emperor scorpion
 20576 | Spider:5 | Killed an emperor scorpion
 20651 | Spider:5 | Reached skill level 1 in Invocations
 20668 | Spider:5 | Noticed an emperor scorpion
 20687 | Spider:5 | Killed an emperor scorpion
 20689 | Spider:5 | Noticed a ghost moth
 20698 | Spider:5 | Killed a ghost moth
 20958 | Spider:5 | Received a gift from Okawaru
 21060 | Spider:5 | Identified a scroll of acquirement
 22725 | Lair:5   | Found a staircase to the Swamp.
 23636 | Lair:6   | Found a staircase to the Slime Pits.
 23902 | Lair:7   | Received a gift from Okawaru
 23905 | Lair:7   | Got a brightly glowing helmet {god gift}
 23909 | Lair:7   | Identified the +0 helmet "Ifiy" {rN+} (Okawaru gifted it to you on level 7 of the Lair of Beasts)
 24415 | Lair:8   | Entered Level 8 of the Lair of Beasts
 24446 | Lair:8   | Reached skill level 16 in Fighting
 24684 | Lair:8   | Reached skill level 5 in Invocations
 24939 | Lair:8   | Reached XP level 16. HP: 99/106 MP: 32/32
 25084 | Lair:8   | Reached skill level 10 in Spellcasting
 25807 | D:4      | Bought a book of the Earth for 845 gold pieces
 25807 | D:4      | Bought a book of Battle for 520 gold pieces
 25825 | D:4      | Learned a level 2 spell: Shroud of Golubria
 25830 | D:4      | Learned a level 4 spell: Dig
 25834 | D:4      | Learned a level 3 spell: Regeneration
 25840 | D:4      | Learned a level 5 spell: Bolt of Magma
 26339 | Swamp:1  | Entered Level 1 of the Swamp
 26361 | Swamp:1  | Reached skill level 1 in Conjurations
 26361 | Swamp:1  | Reached skill level 1 in Earth Magic
 27500 | Swamp:3  | Noticed a tentacled monstrosity
 27506 | Swamp:3  | Reached skill level 5 in Earth Magic
 27512 | Swamp:3  | Killed a tentacled monstrosity
 27512 | Swamp:3  | Received a gift from Okawaru
 27512 | Swamp:3  | Reached skill level 5 in Conjurations
 27513 | Swamp:3  | Got an ichor-stained dire flail {god gift}
 27534 | Swamp:3  | Identified the dire flail "Loemo" {god gift, freeze, Int-3} (Okawaru gifted it to you on level 3 of the Swamp)
 28334 | Swamp:4  | Received a gift from Okawaru
 28335 | Swamp:4  | Got a pair of brightly glowing boots {god gift}
 28338 | Swamp:4  | Identified the +0 pair of boots "Crant" {rF+ MR+} (Okawaru gifted it to you on level 4 of the Swamp)
 28904 | Swamp:5  | Entered Level 5 of the Swamp
 29111 | Swamp:5  | Reached XP level 17. HP: 89/112 MP: 33/33
 29141 | Swamp:5  | Noticed a tentacled monstrosity
 29178 | Swamp:5  | Killed a tentacled monstrosity
 29198 | Swamp:5  | Reached skill level 15 in Shields
 29490 | Swamp:5  | Got a decaying rune of Zot
 29899 | Swamp:5  | Received a gift from Okawaru
 30668 | Orc:1    | Entered Level 1 of the Orcish Mines
 31147 | Orc:2    | Noticed Harold
 31158 | Orc:2    | Killed Harold
 31537 | Orc:4    | Entered Level 4 of the Orcish Mines
 31737 | Orc:4    | Found a staircase to the Elven Halls.
 33933 | Orc:4    | Found Stauneh's General Store.
 33933 | Orc:4    | Found Pifuonk's Magical Wand Emporium.
 33933 | Orc:4    | Found Egain's Armour Shoppe.
 33933 | Orc:4    | Found Mimnoil's Weapon Emporium.
 33942 | Orc:4    | Bought a scroll of identify for 28 gold pieces
 33942 | Orc:4    | Bought a cursed ring of hunger for 28 gold pieces
 34408 | Orc:2    | Noticed Eustachio
 34416 | Orc:2    | Killed Eustachio
 34475 | Orc:2    | Received a gift from Okawaru
 34625 | Orc:1    | Noticed Grum
 34646 | Orc:1    | Killed Grum
 35330 | D:13     | Found Anku Khu's General Store.
 35341 | D:13     | Bought a potion of speed for 77 gold pieces
 35341 | D:13     | Bought a scroll of identify for 28 gold pieces
 35341 | D:13     | Bought a potion of heal wounds for 42 gold pieces
 35341 | D:13     | Bought a scroll of identify for 28 gold pieces
 35341 | D:13     | Bought a scroll of acquirement for 728 gold pieces
 35341 | D:13     | Bought a scroll of identify for 28 gold pieces
 35450 | D:13     | Found Kaukuik's Magic Scroll Boutique.
 35461 | D:13     | Bought a scroll of teleportation for 45 gold pieces
 35465 | D:13     | Found Alirad's Assorted Antiques.
 35577 | D:13     | Reached skill level 1 in Fire Magic
 35668 | D:14     | Entered Level 14 of the Dungeon
 35761 | D:14     | Found a bloodstained altar of Trog.
 35862 | D:14     | Found a white marble altar of Elyvilon.
 36578 | D:14     | Noticed Fannar
 36818 | D:14     | Killed Fannar
 36981 | D:15     | Entered Level 15 of the Dungeon
 37130 | D:15     | Reached skill level 10 in Earth Magic
 37255 | D:15     | Reached XP level 18. HP: 116/118 MP: 34/34
 37799 | D:16     | Reached skill level 5 in Fire Magic
 38429 | D:16     | Identified Ydooxeti's Disquisition on the Lethal Frostbite
 38784 | D:16     | Received a gift from Okawaru
 39127 | D:16     | Upgraded the game from 0.13-b1-1-g298bc45 to 0.13-b1-4-g58e4d93
 39130 | D:16     | Got a shimmering eveningstar
 39131 | D:16     | Identified the eveningstar of Extremism {flame, +Inv} (You acquired it on level 16 of the Dungeon)
 39450 | D:17     | Learned a level 6 spell: Iron Shot
 39706 | D:17     | Gained mutation: Your spells are a little harder to cast, but a little more powerful. [potion of beneficial mutation]
 39753 | D:17     | Found Goituos' Weapon Shoppe.
 40076 | D:18     | Found a staircase to the Vaults.
 40272 | D:18     | Found a flickering gateway to a bazaar.
 40282 | Bazaar   | Entered a bazaar
 40282 | Bazaar   | Found Leekk's Gadget Shoppe.
 40282 | Bazaar   | Found Cakialoh's Antique Armour Emporium.
 40282 | Bazaar   | Found Smekhleg's Magical Wand Shop.
 40283 | Bazaar   | Found Wautamox's Food Shop.
 40284 | Bazaar   | Found Sesyra's General Store.
 40284 | Bazaar   | Found Skixaini's General Store.
 40286 | Bazaar   | Bought a wand of fireball (4) for 112 gold pieces
 40300 | Bazaar   | Bought a scroll of enchant armour for 66 gold pieces
 40300 | Bazaar   | Bought a book of the Warp for 1080 gold pieces
 40306 | Bazaar   | Bought a scroll of enchant armour for 82 gold pieces
 40322 | Bazaar   | Learned a level 4 spell: Control Teleport
 40356 | D:18     | Found a gateway to a ziggurat.
 40417 | D:18     | Reached skill level 1 in Translocations
 41026 | D:19     | Noticed Azrael
 41047 | D:19     | Killed Azrael
 41181 | D:19     | Noticed Saint Roka
 41482 | D:19     | Noticed Wiglaf
 41499 | D:19     | Killed Wiglaf
 41499 | D:19     | Reached XP level 19. HP: 77/124 MP: 34/34
 41677 | D:19     | Reached skill level 1 in Charms
 42239 | D:19     | Killed Saint Roka
 42694 | D:19     | Noticed Roxanne
 42803 | D:19     | Killed Roxanne
 42805 | D:19     | Identified Roxanne's Volume of Changing and Toxins (You took it off Roxanne on level 19 of the Dungeon)
 43061 | D:19     | Received a gift from Okawaru
 43070 | D:19     | Got a pair of ancient boots {god gift}
 43074 | D:19     | Identified the +2 pair of boots "Frai" {MR++} (Okawaru gifted it to you on level 19 of the Dungeon)
 43157 | D:19     | Reached skill level 5 in Translocations
 44200 | Vaults:1 | Entered Level 1 of the Vaults
 45558 | Vaults:1 | Reached skill level 5 in Charms
 45974 | Vaults:1 | Lost mutation: Your mind is acute. (Int +2) [a neqoxec]
 48771 | Vaults:2 | Reached XP level 20. HP: 130/130 MP: 35/35
 48938 | Vaults:3 | Noticed Margery
 48973 | Vaults:3 | Killed Margery
 49453 | Vaults:3 | Found a staircase to the Crypt.
 49561 | Vaults:3 | Received a gift from Okawaru
 49572 | Vaults:3 | Got a dazzling demon whip {god gift}
 49573 | Vaults:3 | Identified the demon whip of Egg {god gift, drain, Stlth--} (Okawaru gifted it to you on level 3 of the Vaults)
 49602 | Vaults:3 | Noticed Sojobo
 49987 | Vaults:3 | Killed Sojobo
 50271 | Vaults:3 | Reached skill level 10 in Translocations
 50574 | Vaults:3 | Reached skill level 10 in Charms
 50576 | Vaults:3 | Received a gift from Okawaru
 51042 | Vaults:3 | Learned a level 7 spell: Controlled Blink
 51333 | Vaults:3 | Found Chaplughej's Assorted Antiques.
 51553 | Vaults:4 | Learned a level 1 spell: Apportation
 52355 | Vaults:4 | Found a staircase to the Hall of Blades.
 52429 | Vaults:4 | Reached XP level 21. HP: 127/136 MP: 36/36
 53010 | Vaults:4 | Received a gift from Okawaru
 53034 | Vaults:4 | Got a transparent mace {god gift}
 53035 | Vaults:4 | Identified the mace "Xael Gri" {god gift, speed, rF+ rC++ Str+3} (Okawaru gifted it to you on level 4 of the Vaults)
 53095 | Vaults:4 | Found a gateway to a bazaar.
 53123 | Bazaar   | Entered a bazaar
 53126 | Bazaar   | Found Caab's Weapon Shop.
 53147 | Bazaar   | Found Gatasmux's Armour Boutique.
 53148 | Bazaar   | Found Kier's Magical Wand Boutique.
 53176 | Bazaar   | Found Clajug's Weapon Boutique.
 53981 | Vaults:4 | Received a gift from Okawaru
 54278 | Vaults:5 | Entered Level 5 of the Vaults
 54643 | Vaults:5 | Reached skill level 15 in Translocations
 54664 | Vaults:5 | Received a gift from Okawaru
 55270 | Vaults:5 | Received a gift from Okawaru
 55270 | Vaults:5 | Reached XP level 22. HP: 136/142 MP: 36/36
 55488 | Vaults:5 | Got a silver rune of Zot
 55494 | Vaults:5 | Got a twisted plate armour
 55515 | Vaults:5 | Identified the +10 plate armour "Ghuiwkob" {Dam+6 Stlth--} (You found it on level 5 of the Vaults)
 55560 | Vaults:5 | Got an ancient silver amulet
 55642 | Vaults:5 | Noticed an ancient lich
 55674 | Vaults:5 | Killed an ancient lich
 55889 | Vaults:5 | Reached skill level 17 in Translocations
 55894 | Vaults:4 | Paralysed by an ogre mage for 3 turns
 55924 | Vaults:4 | Received a gift from Okawaru
 56553 | Vaults:5 | Got a pitted turquoise ring
 56607 | Vaults:5 | Mangled by a vault warden

Action                   |  1- 3 |  4- 6 |  7- 9 | 10-12 | 13-15 | 16-18 | 19-21 | 22-24 || total
-------------------------+-------+-------+-------+-------+-------+-------+-------+-------++-------
Melee: Mace              |    82 |   110 |       |       |       |       |   156 |       ||   348
       Flail             |       |    54 |   463 |   856 |       |       |       |       ||  1373
       Morningstar       |       |       |       |   176 |  1179 |  2122 |    55 |       ||  3532
       Dire flail        |       |       |       |       |     7 |       |       |       ||     7
       Eveningstar       |       |       |       |       |       |   309 |  1974 |   280 ||  2563
       Demon whip        |       |       |       |       |       |       |    37 |       ||    37
 Cast: Bolt of Magma     |       |       |       |       |       |    40 |    39 |     7 ||    86
       Dig               |       |       |       |       |       |     4 |       |       ||     4
       Regeneration      |       |       |       |       |       |     1 |    12 |    12 ||    25
       Shroud of Golubri |       |       |       |       |       |     1 |       |     4 ||     5
       Control Teleport  |       |       |       |       |       |       |     1 |     2 ||     3
       Iron Shot         |       |       |       |       |       |       |     4 |       ||     4
Invok: Heroism           |       |       |       |     4 |     6 |     2 |     9 |     2 ||    23
       Finesse           |       |       |       |       |     5 |       |     2 |     1 ||     8
 Abil: Fly               |       |       |       |       |     1 |       |       |       ||     1
Evoke: Wand              |       |       |     2 |    13 |    14 |     7 |     7 |     7 ||    50
  Use: Scroll            |       |       |     9 |    14 |    16 |    19 |    11 |     4 ||    73
       Potion            |       |       |       |     3 |    11 |     6 |    11 |     7 ||    38
 Stab: Paralysed         |       |       |       |     4 |       |    29 |       |       ||    33
       Distracted        |       |       |       |       |     1 |     1 |       |       ||     2
       Confused          |       |       |       |       |       |     5 |       |       ||     5
       Petrifying        |       |       |       |       |       |     4 |       |       ||     4
       Invisible         |       |       |       |       |       |     2 |       |       ||     2
       Petrified         |       |       |       |       |       |     2 |       |       ||     2
       Fleeing           |       |       |       |       |       |     1 |     1 |       ||     2
